 Dungeon Crawl Stone Soup version 0.27.1-2-g3b301248ec (webtiles) character file.

Game seed: 4031888638555076507

122427 MajorAdolf the Unseen (level 16, -12/126 HPs)
             Began as a Naga Wanderer on Sept 25, 2021.
             Was an Initiate of Cheibriados.
             Mangled by an Executioner (16 damage)
             ... on level 2 of the Abyss.
             The game lasted 01:10:25 (43414 turns).

MajorAdolf the Unseen (Naga Wanderer)              Turns: 43414, Time: 01:10:25

Health: -12/126    AC: 16    Str: 17 (18) XL:     16   Next: 87%
Magic:  13/33      EV:  9    Int: 19      God:    Cheibriados [......]
Gold:   2618       SH:  3    Dex:  4 (6)  Spells: 7/36 levels left

rFire    + + .     SeeInvis +   J - staff of fire
rCold    x . .     Faith    .   g - +0 buckler {AC+3}
rNeg     . . .     Spirit   .   b - +2 robe {Will+}
rPois    +         Reflect  .   c - +2 hat
rElec    .         Harm     .   Y - scarf {+Inv}
rCorr    .         Rampage  .   s - +2 pair of gloves {Str+3}
Will     +++..                  (no barding)
Stlth    ++++......             (no amulet)
HPRegen  0.31/turn              L - ring of fire
MPRegen  0.23/turn              F - ring of magical power

@: very slightly contaminated, very slow
A: AC +5, large, see invisible, deformed body, poison resistance, slowness 2,
spit poison 1, naga tail 2, [clumsy 2], [frail 1], [low mp 2], [weak 2]
a: Spit Poison, Renounce Religion, Evoke Invisibility, Bend Time


You were on level 2 of the Abyss.
You worshipped Cheibriados.
Cheibriados was noncommittal.
You visited 6 branches of the dungeon, and saw 26 of its levels.
You visited the Abyss 1 time.

You collected 3439 gold pieces.
You spent 821 gold pieces at shops.

Inventory:

Hand Weapons
 h - a +2 short sword of electrocution
 i - a +2 dagger of venom
Armour
 b - a +2 robe of willpower (worn)
 c - a +2 hat (worn)
 g - a +0 buckler of protection (worn)
 s - a +2 pair of gloves of strength (worn)
 Y - a scarf of invisibility (worn)
Magical Staves
 J - a staff of fire (weapon)
Jewellery
 n - a ring of willpower
 o - the ring "Hairask" {rElec rN+ AC+4 Str+3 Int-2}
   (You acquired it on level 12 of the Dungeon)

   [ring of protection]

   AC:        It affects your AC (+4).
   Str:       It affects your strength (+3).
   Int:       It affects your intelligence (-2).
   rElec:     It insulates you from electricity.
   rN:        It protects you from negative energy.
 p - a ring of protection from cold
 B - the ring of Tulips {Fly rN+}
   (You acquired it on level 1 of the Shoals)

   [ring of flight]

   rN:        It protects you from negative energy.
   Fly:       It grants you flight.
 F - a ring of magical power (right hand)
 L - a ring of fire (left hand)
 Q - an amulet of reflection
 R - a ring of ice
 S - a ring of resist corrosion
Wands
 l - a wand of iceblast (1)
 r - a wand of flame (113)
 w - a wand of paralysis (15)
 C - a wand of digging (13)
 H - a wand of charming (8)
 V - a wand of mindburst (48)
 W - a wand of acid (3)
 X - a wand of polymorph (28)
Scrolls
 e - 3 scrolls of magic mapping
 f - 6 scrolls of teleportation
 j - 4 scrolls of vulnerability
 m - a scroll of holy word
 v - a scroll of identify
 x - 2 scrolls of fog
 y - a scroll of enchant weapon
 z - 3 scrolls of enchant armour
 E - a scroll of fear
 I - 4 scrolls of brand weapon
 M - 2 scrolls of amnesia
 Z - a scroll of silence
Potions
 a - 6 potions of curing
 d - 4 potions of lignification
 k - 6 potions of heal wounds
 q - 4 potions of haste
 t - a potion of cancellation
 u - 4 potions of might
 A - 2 potions of resistance
 D - a potion of magic
 G - a potion of mutation
 K - 4 potions of brilliance


   Skills:
 - Level 8.0(4.0) Fighting
 - Level 4.1(2.3) Short Blades
 - Level 3.0(2.0) Long Blades
 - Level 16.0(12.0) Stealth
 + Level 4.2(2.1) Shields
 - Level 10.7(6.7) Spellcasting
 + Level 12.1(8.1) Conjurations
 - Level 1.0(0.5) Summonings
 + Level 10.4(6.4) Necromancy
 + Level 12.0(8.0) Fire Magic
 + Level 12.1(8.1) Earth Magic
 + Level 0.9(0.4) Invocations
 - Level 3.7(1.8) Evocations


You had 7 spell levels left.
You knew the following spells:

 Your Spells              Type           Power      Damage    Failure   Level
a - Bolt of Magma         Conj/Fire/Erth 35%        4d15      11%         5
b - Passwall              Tmut/Erth      17%        N/A       3%          2
c - Sublimation of Blood  Necr           15%        N/A       1%          2
d - Ignite Poison         Fire/Tmut/Pois 37%        N/A       11%         3
e - Petrify               Tmut/Erth      21%        N/A       21%         4
f - Animate Armour        Summ/Erth      44%        N/A       19%         4
g - Fire Storm            Conj/Fire      35%        8d9       100%        9

Your spell library contained the following spells:

 Spells                   Type           Power      Damage    Failure   Level
 Animate Skeleton         Necr           60%        N/A       1%          1
 Foxfire                  Conj/Fire      100%       2x1d9     1%          1
 Pain                     Necr           100%       1d9       1%          1
 Shock                    Conj/Air       84%        1d8       1%          1
 Conjure Flame            Conj/Fire      70%        6-21      1%          3
 Stone Arrow              Conj/Erth      74%        3d11      1%          3
 Vampiric Draining        Necr           15%        2d8       2%          3
 Static Discharge         Conj/Air       21%        N/A       3%          2
 Sticky Flame             Conj/Fire      70%        2d8       3%          4
 Inner Flame              Hex/Fire       48%        N/A       6%          3
 Animate Dead             Necr           15%        N/A       8%          4
 Summon Small Mammal      Summ           32%        N/A       9%          1
 Beastly Appendage        Tmut           12%        N/A       11%         1
 Corona                   Hex            6%         N/A       11%         1
 Freeze                   Ice            24%        1d5       11%         1
 Fireball                 Conj/Fire      35%        3d15      11%         5
 Iskenderun's Battlesphe  Conj           37%        2d9       11%         5
 Blink                    Tloc           N/A        N/A       16%         2
 Ensorcelled Hibernation  Hex/Ice        12%        N/A       16%         2
 Slow                     Hex            6%         N/A       16%         2
 Wereblood                Tmut           6%         N/A       16%         2
 Hailstorm                Conj/Ice       21%        3d6       21%         4
 Leda's Liquefaction      Hex/Erth       10%        N/A       21%         4
 Agony                    Necr           30%        N/A       22%         5
 Excruciating Wounds      Necr           15%        N/A       22%         5
 Call Canine Familiar     Summ           8%         N/A       26%         3
 Summon Guardian Golem    Hex/Summ       7%         N/A       28%         3
 Frozen Ramparts          Ice            12%        1d3       32%         3
 Gell's Gravitas          Tloc           3%         N/A       32%         3
 Lesser Beckoning         Tloc           3%         N/A       32%         3
 Spider Form              Tmut/Pois      3%         N/A       32%         3
 Swiftness                Air            6%         N/A       32%         3
 Teleport Other           Tloc           6%         N/A       32%         3
 Tukima's Dance           Hex            6%         N/A       32%         3
 Irradiate                Conj/Tmut      10%        3d17      50%         5
 Lightning Bolt           Conj/Air       10%        1d23      50%         5
 Airstrike                Air            3%         N/A       71%         4
 Cause Fear               Hex            3%         N/A       71%         4
 Manifold Assault         Tloc           6%         N/A       96%         5
 Conjure Ball Lightning   Conj/Air       10%        3x3d6     97%         6
 Statue Form              Tmut/Erth      14%        N/A       97%         6
 Orb of Destruction       Conj           18%        9d8       97%         7
 Invisibility             Hex            3%         N/A       100%        6
 Dragon Form              Tmut           3%         N/A       100%        7
 Spellforged Servitor     Conj/Summ      11%        N/A       100%        7
 Storm Form               Tmut/Air       3%         N/A       100%        7
 Lehudib's Crystal Spear  Conj/Erth      18%        10d6      100%        8
 Dragon's Call            Summ           4%         N/A       100%        9


Dungeon Overview and Level Annotations

Branches:
Dungeon (15/15)            Temple (1/1) D:4            Lair (6/6) D:8
 Shoals (1/4) Lair:3       Spider (0/4) Lair:4        Slime (0/5) Lair:6
    Orc (2/2) D:9             Elf (1/3) Orc:2        Vaults (0/5) D:14
 Depths (0/5) D:15

Altars:
Ashenzari
Cheibriados
Dithmenos
Elyvilon
Fedhas
Gozag
Hepliaklqana
Kikubaaqudgha
Makhleb
Nemelex Xobeh
Okawaru
Qazlal
Ru
Sif Muna
Trog
Uskayaw
Vehumet
Wu Jian
Xom
Yredelemnul
Zin
The Shining One
Beogh

Shops:
D:8 *(   Orc:2 (=![   Elf:1 :

Annotations:
Lair:2 3 runed translucent doors, PeterMcNeter's ghost, journeyman OpMo


Innate Abilities, Weirdness & Mutations

Your serpentine skin is tough. (AC +5)
You have supernaturally acute eyesight. (SInv)
Armour fits poorly on your strangely shaped body.
Your system is resistant to poisons. (rPois)
You cover ground very slowly.
You can spit poison.
You can use your snake-like lower body to constrict enemies.
[You are very clumsy. (Dex -4)]
[You are frail. (-10% HP)]
[Your magical capacity is very low. (-20% MP)]
[You are very weak. (Str -4)]


Message History

The Executioner hits you but does no damage. x3
Casting: Bolt of Magma (dangerous; 11% risk of failure)
Confirm with . or Enter, or press ? or * to list all spells.
Aiming: Bolt of Magma (dangerous; 11% risk of failure)
Press: ? - help, Shift-Dir - straight line, f/p - Executioner
Aim: an Executioner (moderately wounded, 53% to hit)
You feel a strong surge of power!
The bolt of magma hits the Executioner!
The Executioner partially resists.
The Executioner is heavily wounded.
The Executioner hits you!
* * * LOW HITPOINT WARNING * * *
The Executioner hits you but does no damage. x2
The Executioner hits you!
* * * LOW HITPOINT WARNING * * *
The Executioner hits you but does no damage.
The Executioner closely misses you.
Casting: Bolt of Magma (dangerous; 11% risk of failure)
Confirm with . or Enter, or press ? or * to list all spells.
Aiming: Bolt of Magma (dangerous; 11% risk of failure)
Press: ? - help, Shift-Dir - straight line, f/p - Executioner
Aim: an Executioner (heavily wounded, 53% to hit)
You feel a strong surge of power!
The bolt of magma misses the Executioner.
The Executioner hits you!
* * * LOW HITPOINT WARNING * * *
The Executioner hits you but does no damage. x5
Unknown command.
Casting: Bolt of Magma (dangerous; 11% risk of failure)
Confirm with . or Enter, or press ? or * to list all spells.
Aiming: Bolt of Magma (dangerous; 11% risk of failure)
Press: ? - help, Shift-Dir - straight line, f/p - Executioner
Aim: an Executioner (heavily wounded, 53% to hit)
You feel a strong surge of power!
You miscast Bolt of Magma.
You are very lightly contaminated with residual magic.
Nothing appears to happen.
The Executioner gestures.
The Executioner seems to speed up.
A large abomination comes into view.
The Executioner hits you!
You die...

. # #
.## # #
##
###...
.# ##.
.#..# .#
..
...#.#
#.
.##...#.
#.#....#
#.##.#
#..#@#
##X1##
[...#
..#..#
##X ##


You could see an Executioner (fast) and 2 large abominations.

Vanquished Creatures
  Rupert (D:14)
  Jorgrun (D:15)
  A sphinx (D:14)
  A frost giant (D:15)
  3 orc warlords (Orc:2)
  Louise (D:15)
  The ghost of MrNoob the Fencer, a journeyman MiBe of Trog (Lair:6)
  Nessos (D:15)
  4 dire elephants (Lair:6)
  Josephine (D:14)
  A deep elf high priest (Elf:1)
  8 hydras
  5 boulder beetles
  2 ogre magi
  8 centaur warriors
  7 tengu warriors
  13 two-headed ogres
  A death yak (Lair:5)
  A deep troll earth mage (D:14)
  Urug (D:11)
  4 orc high priests (Orc:2)
  Nergalle (D:10)
  2 spectral death yaks (Lair:6)
  A skeletal warrior (D:14)
  A deep elf knight (Elf:1)
  A spectral anaconda (Lair:6)
  A glowing orange brain (Abyss:2)
  Pikel (D:4)
  A wizard (D:14)
  A deep troll (D:15)
  An obsidian statue (Lair:6)
  5 deep elf pyromancers (Elf:1)
  3 necromancers (Lair:6)
  5 orc knights
  A wolf spider (Lair:4)
  5 orc sorcerers (Orc:2)
  2 deep elf zephyrmancers (Elf:1)
  An orb spider (shapeshifter) (D:13)
  8 cyclopes
  10 ugly things
  3 manticores
  An oklob plant (Lair:4)
  10 elephants
  An elephant (shapeshifter) (D:10)
  3 black mambas
  An apocalypse crab (Abyss:2)
  10 cane toads
  A torpor snail (Lair:3)
  3 unseen horrors (D:11)
  An efreet (D:14)
  A dire elephant skeleton (Lair:6)
  5 tengu conjurers
  A freezing wraith (D:14)
  4 komodo dragons
  A meliai (D:14)
  5 trolls
  A jumping spider (Lair:4)
  4 hornets
  12 slime creatures
  3 blink frogs (Lair:1)
  4 dream sheep
  2 meliai zombies
  Sigmund (D:8)
  A spectral elephant (Lair:6)
  A vampire (D:11)
  2 centaur simulacra (D:11)
  A redback (Lair:4)
  2 shadows
  2 air elementals (Elf:1)
  12 spriggans (Lair:5)
  35 yaks
  A redback (shapeshifter) (Abyss:2)
  5 wraiths (D:14)
  4 wyverns
  A fire elemental (Lair:3)
  A dire elephant simulacrum (Lair:6)
  A large abomination (Abyss:2)
  4 basilisks
  A hog (shapeshifter) (D:14)
  3 steam dragons (D:8)
  6 vampire mosquitoes
  2 spectral cane toads (Lair:6)
  5 acid dragons
  3 wargs (Orc:2)
  Duvessa (D:4)
  16 water moccasins
  A hornet zombie (D:8)
  An elephant zombie (Lair:6)
  3 black bears
  44 orc warriors
  2 necrophages
  14 ogres
  7 boggarts
  6 wolves (Lair:2)
  2 elephant skeletons (Lair:6)
  6 centaurs
  3 phantoms
  3 lemures (D:3)
  6 kobold brigands
  A gnoll sergeant (D:6)
  2 scorpions
  14 bullfrogs
  A cane toad simulacrum (Lair:6)
  A wyvern zombie (D:7)
  Dowan (D:4)
  An elephant simulacrum (Lair:6)
  4 killer bees
  4 wights
  5 electric eels
  6 howler monkeys
  2 jellies (D:8)
  4 centaur zombies
  5 hounds
  31 orc priests
  5 centaur skeletons
  2 iguanas
  38 orc wizards
  A killer bee zombie (D:7)
  A hound skeleton (D:4)
  7 gnolls
  2 howler monkey zombies
  7 adders
  A white imp (Abyss:2)
  An ufetubus (D:5)
  4 worms
  2 dart slugs (D:1)
  107 orcs
  8 endoplasms
  5 giant cockroaches
  7 goblins
  9 hobgoblins
  2 jackals (D:4)
  2 quokkas
  11 ball pythons
  2 bats
  A frilled lizard (D:1)
  24 kobolds
  2 rats (D:1)
  A bush (Lair:4)
  A withered plant (Lair:6)
738 creatures vanquished.

Vanquished Creatures (collateral kills)
  A centaur skeleton (D:14)
  A centaur (D:14)
2 creatures vanquished.

Vanquished Creatures (others)
  17 fungi
  23 plants
  17 withered plants (Lair:6)
57 creatures vanquished.

Grand Total: 797 creatures vanquished

Notes
Turn   | Place    | Note
-------+----------+-------------------------------------------
     0 | D:1      | MajorAdolf the Naga Wanderer began the quest for the Orb.
     0 | D:1      | MajorAdolf set off with the following items: a +0 club, a
                  | +0 buckler, a +0 robe, a potion of lignification; and the
                  | following spells available to memorise: Animate Skeleton,
                  | Pain, Vampiric Draining, Animate Dead, Agony
     0 | D:1      | Reached XP level 1. HP: 19/19 MP: 2/2
   345 | D:1      | Reached skill level 2 in Stealth
   345 | D:1      | Reached XP level 2. HP: 21/27 MP: 3/3
  1812 | D:2      | Reached XP level 3. HP: 27/33 MP: 4/4
  2102 | D:2      | Reached skill level 3 in Stealth
  2463 | D:2      | Reached XP level 4. HP: 30/42 MP: 5/5
  3180 | D:3      | Reached skill level 1 in Short Blades
  3967 | D:3      | Found an ancient bone altar of Kikubaaqudgha.
  3967 | D:3      | Found a shimmering altar of Xom.
  4012 | D:3      | Found a faded altar of an unknown god.
  4239 | D:3      | Reached XP level 5. HP: 49/49 MP: 6/6
  4298 | D:4      | Found a glowing silver altar of Zin.
  4305 | D:3      | Reached skill level 4 in Stealth
  4305 | D:3      | Reached skill level 1 in Evocations
  4325 | D:4      | Found a hide-covered altar of Uskayaw.
  4416 | D:4      | Reached XP level 6. HP: 48/56 MP: 7/7
  4557 | D:4      | Found a sparkling altar of Nemelex Xobeh.
  4580 | D:4      | Noticed Dowan
  4810 | D:4      | Noticed Pikel
  4924 | D:4      | Found a glowing silver altar of Zin.
  4924 | D:4      | Noticed a black bear
  5721 | D:3      | Killed a black bear
  5722 | D:3      | Reached skill level 5 in Stealth
  6138 | D:4      | Noticed Duvessa
  6279 | D:3      | Reached XP level 7. HP: 42/64 MP: 8/8
  7438 | D:4      | Killed Dowan
  7839 | D:4      | Killed Duvessa
  8147 | D:4      | Killed Pikel
  8148 | D:4      | Reached skill level 6 in Stealth
  8148 | D:4      | Reached XP level 8. HP: 73/73 MP: 9/9
  8181 | D:4      | Reached skill level 5 in Fighting
  8249 | D:4      | Found a staircase to the Ecumenical Temple.
  8264 | D:4      | Reached skill level 7 in Stealth
  8439 | Temple   | Entered the Ecumenical Temple
  8521 | Temple   | Became a worshipper of Ashenzari the Shackled
  8521 | Temple   | Identified 3 scrolls of acquirement
  8958 | D:5      | Entered Level 5 of the Dungeon
  8958 | D:5      | Found a sacrificial altar of Ru.
  9134 | D:4      | Learned a level 5 spell: Bolt of Magma
  9246 | D:4      | Reached skill level 1 in Conjurations
  9246 | D:4      | Reached skill level 1 in Fire Magic
  9246 | D:4      | Reached skill level 1 in Earth Magic
  9437 | D:5      | Found an iron altar of Okawaru.
  9962 | D:5      | Identified the +0 ring mail of Damp Wonder {rC+ Int+9
                  | Dex-3}
 10395 | D:6      | Reached XP level 9. HP: 76/82 MP: 12/12
 11090 | D:6      | Learned a level 2 spell: Passwall
 11151 | D:6      | Reached * piety under Ashenzari
 11963 | D:6      | Reached ** piety under Ashenzari
 13325 | D:7      | Found an ornate altar of the Wu Jian Council.
 14567 | D:8      | Found Sablun's Assorted Antiques.
 14569 | D:8      | Found Pokapt's Weapon Shop.
 14701 | D:8      | Bought a scroll labelled ZOXAIG JAEDOMPEU for 29 gold
                  | pieces
 14701 | D:8      | Bought a scroll labelled IGAPA ZINACY for 29 gold pieces
 14701 | D:8      | Acquired a staff of conjuration
 14968 | D:8      | Reached XP level 10. HP: 28/92 MP: 0/18
 15790 | D:8      | Found a staircase to the Lair.
 15799 | D:8      | Reached *** piety under Ashenzari
 15928 | D:8      | Reached skill level 5 in Earth Magic
 16143 | D:8      | Reached skill level 5 in Conjurations
 16145 | D:8      | Reached skill level 5 in Fire Magic
 16598 | D:8      | Noticed Sigmund
 16599 | D:8      | Killed Sigmund
 16723 | D:9      | Noticed a two-headed ogre
 16727 | D:9      | Killed a two-headed ogre
 16728 | D:9      | Reached skill level 5 in Spellcasting
 16779 | D:9      | Found a staircase to the Orcish Mines.
 16830 | D:9      | Reached **** piety under Ashenzari
 17462 | D:9      | Found an opulent altar of Gozag.
 17656 | D:10     | Entered Level 10 of the Dungeon
 17862 | D:10     | Reached XP level 11. HP: 79/100 MP: 23/23
 17959 | D:10     | Reached skill level 8 in Stealth
 17993 | D:10     | Noticed a two-headed ogre
 17996 | D:10     | Killed a two-headed ogre
 18089 | D:10     | Reached ***** piety under Ashenzari
 18162 | D:10     | Learned a level 2 spell: Sublimation of Blood
 18415 | D:10     | Identified the +1 pair of boots "Biecs" {Str+4}
 18505 | D:10     | Noticed Nergalle
 18579 | D:10     | Killed Nergalle
 19128 | D:10     | Reached skill level 9 in Stealth
 19147 | D:11     | Noticed a centaur warrior
 19192 | D:11     | Noticed a two-headed ogre
 19194 | D:11     | Noticed a boulder beetle
 19200 | D:11     | Killed a two-headed ogre
 19272 | D:11     | Killed a boulder beetle
 19328 | D:11     | Noticed a brown ugly thing
 19330 | D:11     | Noticed a cyan ugly thing
 19603 | Lair:1   | Entered Level 1 of the Lair of Beasts
 19943 | Lair:1   | Reached XP level 12. HP: 114/114 MP: 23/27
 20059 | Lair:1   | Found a hide-covered altar of Uskayaw.
 20059 | Lair:1   | Found an ornate altar of the Wu Jian Council.
 20059 | Lair:1   | Noticed a boulder beetle
 20082 | Lair:1   | Reached skill level 10 in Stealth
 20083 | Lair:1   | Killed a boulder beetle
 21425 | Lair:2   | Identified the cursed +0 cloak "Sidereal Visionary" {Bglg,
                  | Alch} (You found it on level 9 of the Dungeon)
 21425 | Lair:2   | Identified the cursed +0 helmet of Ashenzari's Repose
                  | {Alch, Self} (You found it on level 4 of the Dungeon)
 21425 | Lair:2   | Identified the cursed +0 pair of gloves "Celestial
                  | Servitude" {Comp, Evo} (You found it on level 8 of the
                  | Dungeon)
 21425 | Lair:2   | Identified the cursed +0 robe of the Cosmic Jealousy {Comp,
                  | Cun}
 21970 | Lair:2   | Found a runed translucent gate.
 21970 | Lair:2   | Found a runed translucent gate.
 21971 | Lair:2   | Found a runed translucent gate.
 21971 | Lair:2   | Noticed PeterMcNeter's ghost (journeyman OpMo)
 22547 | Lair:3   | Found a shimmering altar of Xom.
 22669 | Lair:3   | Reached skill level 11 in Stealth
 22859 | Lair:3   | Found a staircase to the Shoals.
 23125 | Lair:4   | Found a hole to the Spider Nest.
 23135 | Lair:4   | Reached skill level 5 in Necromancy
 23724 | Lair:4   | Noticed a seven-headed hydra
 23730 | Lair:4   | Killed a seven-headed hydra
 23731 | Lair:4   | Gained mutation: You can use your snake-like lower body to
                  | constrict enemies. [Naga growth]
 23731 | Lair:4   | Reached XP level 13. HP: 90/123 MP: 19/30
 23901 | Lair:4   | Identified the +4 ring mail of Follow the Leader {Int+2}
 23928 | Lair:4   | Learned a level 3 spell: Ignite Poison
 23933 | Lair:4   | Learned a level 4 spell: Petrify
 23972 | Lair:4   | Learned a level 4 spell: Animate Armour
 24560 | Lair:5   | Acquired a +0 barding of stealth
 24567 | Lair:5   | Reached ****** piety under Ashenzari
 25021 | Lair:5   | Reached skill level 12 in Stealth
 25611 | Lair:6   | Entered Level 6 of the Lair of Beasts
 25858 | Lair:6   | Noticed MrNoob's ghost (journeyman MiBe)
 25865 | Lair:6   | Found a runed translucent door.
 25925 | Lair:6   | Found a staircase to the Slime Pits.
 26346 | Lair:6   | Noticed a dire elephant
 26346 | Lair:6   | Noticed a dire elephant
 26347 | Lair:6   | Noticed a dire elephant
 26347 | Lair:6   | Noticed a dire elephant
 26589 | Lair:6   | Killed MrNoob's ghost
 27051 | Lair:6   | Reached skill level 13 in Stealth
 27176 | Lair:6   | Killed a dire elephant
 27177 | Lair:6   | Reached XP level 14. HP: 101/133 MP: 26/32
 27180 | Lair:6   | Killed a dire elephant
 27183 | Lair:6   | Killed a dire elephant
 27189 | Lair:6   | Killed a dire elephant
 27475 | Lair:6   | Reached skill level 10 in Conjurations
 27573 | Lair:6   | Reached skill level 10 in Earth Magic
 28252 | Orc:1    | Entered Level 1 of the Orcish Mines
 28514 | Orc:1    | Reached skill level 10 in Fire Magic
 29065 | Orc:2    | Entered Level 2 of the Orcish Mines
 29537 | Orc:2    | Noticed an orc warlord
 29560 | Orc:2    | Killed an orc warlord
 30337 | Orc:2    | Found a staircase to the Elven Halls.
 30386 | Orc:2    | Reached skill level 14 in Stealth
 30590 | Orc:2    | Found Wughaly's Distillery.
 30688 | Orc:2    | Bought a potion of berserk rage for 85 gold pieces
 30688 | Orc:2    | Bought a potion of heal wounds for 85 gold pieces
 30688 | Orc:2    | Bought a potion of mutation for 136 gold pieces
 30689 | Orc:2    | Acquired a staff of earth
 30693 | Orc:2    | Acquired 1117 gold pieces
 30695 | Orc:2    | Acquired Xirphiosm's Disquisition on Harmful Evil
 30707 | Orc:2    | Learned a level 9 spell: Fire Storm
 30833 | Orc:2    | Noticed an orc warlord
 31295 | Orc:2    | Noticed an orc warlord
 31301 | Orc:2    | Killed an orc warlord
 31361 | Orc:2    | Found Byffudis's Weapon Boutique.
 31460 | Orc:2    | Found Velynaydd's Jewellery Shop.
 31951 | Orc:2    | Killed an orc warlord
 32388 | Orc:2    | Found Netwaa's Antique Armour Shop.
 32609 | Orc:2    | Bought a glowing helmet for 217 gold pieces
 32647 | Orc:2    | Reached XP level 15. HP: 107/141 MP: 25/34
 33388 | D:11     | Identified Beanny's Arcane Arts Continued
 33389 | D:11     | Identified the +2 mace of the Head {vorpal, rElec rF+
                  | Int+3}
 33402 | D:11     | Reached skill level 10 in Spellcasting
 33860 | D:11     | Noticed Urug
 33866 | D:11     | Killed Urug
 33983 | D:11     | Identified the +4 whip of Oriut {freeze, rPois Will+ Str-2}
 34028 | D:11     | Reached skill level 15 in Stealth
 34678 | D:12     | Acquired the ring "Hairask" {rElec rN+ AC+4 Str+3 Int-2}
 36347 | D:14     | Found a gate to the Vaults.
 37017 | D:14     | Paralysed by an ogre mage for 5 turns
 37640 | D:14     | Noticed Rupert
 37648 | D:14     | Killed Rupert
 37747 | D:14     | Noticed Josephine
 37756 | D:14     | Killed Josephine
 37757 | D:14     | Reached XP level 16. HP: 95/154 MP: 31/36
 38401 | D:14     | Found the +4 Cigotuvi's embrace {rMiasma Drain rN+}
 38405 | D:14     | Identified the +6 flail of Courage {speed, rElec Dex-5
                  | SInv}
 38409 | D:14     | Noticed a sphinx
 38416 | D:14     | Killed a sphinx
 38702 | D:15     | Entered Level 15 of the Dungeon
 38702 | D:15     | Noticed Louise
 38702 | D:15     | Identified the +7 rapier "Jegg" {drain, Dex+6}
 38889 | D:15     | Noticed Jorgrun
 38895 | D:15     | Killed Jorgrun
 38909 | D:15     | Reached skill level 16 in Stealth
 39030 | D:15     | Killed Louise
 39349 | D:15     | Reached skill level 10 in Necromancy
 40071 | D:15     | Found a staircase to the Depths.
 40625 | D:15     | Noticed Nessos
 40630 | D:15     | Killed Nessos
 40843 | D:15     | Identified the +1 chain mail of Free Will {rElec rPois
                  | Will-}
 41166 | Shoals:1 | Entered Level 1 of the Shoals
 41176 | Shoals:1 | Acquired the ring of Tulips {Fly rN+}
 41418 | Temple   | Fell from the grace of Ashenzari
 41418 | Temple   | Became a worshipper of Cheibriados the Contemplative
 42168 | Orc:2    | Bought a ring of magical power for 240 gold pieces
 42274 | Elf:1    | Entered Level 1 of the Elven Halls
 42277 | Elf:1    | Paralysed by an air elemental for 1 turns
 42347 | Elf:1    | Found Mec Luz's Book Boutique.
 42382 | Elf:1    | Paralysed by an air elemental for 1 turns
 42384 | Elf:1    | Paralysed by an air elemental for 1 turns
 42747 | Elf:1    | Cast into level 2 of the Abyss (a deep elf sorcerer)
 43409 | Abyss:2  | Noticed an Executioner
 43413 | Abyss:2  | HP: 4/126 [Executioner (17)]
 43414 | Abyss:2  | Mangled by an Executioner

Illustrated notes

Levels and vault maps discovered:
D:1:      ncdulo_lavacross, layout_basic
D:2:      layout_basic
D:3:      layout_basic, gammafunk_temple_overflow_statue,
          chequers_ecumenical_altar_twisty, hex_large, minmay_misc_feat_alley
D:4:      layout_basic, nicolae_uskayaw_murder_on_the_dancefloor,
          grunt_temple_overflow_open, minmay_temple_entry_waves,
          minmay_ruined_shrine, uniq_pikel, uniq_duvessa
D:5:      layout_cave_pools, mainiacjoe_overflow_catch_the_wave
D:6:      minmay_chambers_of_fours, layout_basic, st_stairs_14,
          nrook_mini_vaults
D:7:      layout_loops_ring, nicolae_wu_jian_wuxing_cycle
D:8:      kennysheep_ambush_hall, layout_basic, dpeg_oklobed_lair,
          hangedman_abyss_or_decor_passed, nicolae_wooded_promenade,
          sigmund_army
D:9:      layout_irregular_city, lemuel_coloured_pillars_altar,
          grunt_ministairs_1
D:10:     layout_basic, uniq_nergalle
D:11:     minmay_the_grid_octo_tiled_squarecenter_mashed
          [minmay_the_grid_octo_focus, minmay_the_grid_octo_checkerflower,
          minmay_the_grid_octo_clover_2, minmay_the_grid_octo_toaster,
          minmay_the_grid_square_5x5_megaprize_diamond,
          minmay_the_grid_square_5x5_hourglass,
          minmay_the_grid_square_5x5_two_small,
          minmay_the_grid_square_5x5_corner,
          minmay_the_grid_square_5x5_pentomino_r], layout_gridville,
          gauntlet_entry_generic, uniq_urug
D:12:     layout_roguey, chequers_serial_rivers_micro_c
D:13:     layout_basic
D:14:     kennysheep_bubble_arena, layout_long_grid,
          hangedman_vaults_entry_quadrant_bands, uniq_rupert, uniq_josephine
D:15:     grunt_enter_depths_snipers, layout_cave_pools,
          wad_floor_pattern_untrapped, minmay_misc_feat_more_columns,
          minmay_checkerbox, uniq_nessos, uniq_louise, uniq_jorgrun
Temple:   dshaligram_water_room_temple
Lair:1:   layout_gridlike, minivault_26, nzn_masters_of_martial_movement,
          lemuel_fruit_tree, grunt_megastairs_4
Lair:2:   layout_hall_layers, ebering_ghost_rock_garden
Lair:3:   layout_gridlike, shoals_dummy_entry, basic_altar,
          infiniplex_staircase_pool
Lair:4:   layout_layer_cave, spider_nest_entry_funnel_web,
          minmay_lair_oklob_bushes
Lair:5:   kb_forest_paths, layout_regular_city, chequers_serial_rivers_room_b
Lair:6:   due_jungle_book, layout_cave_pods, slime_dummy, gammafunk_ghost_grave
Shoals:1: cheibrodos_shoals_epimethial_gifts, layout_shoals,
          portal_ice_cave_entry_pillars_four, gammafunk_ghost_cemetery,
          uniq_frances
Orc:1:    layout_caves, guppyfry_library_mini
Orc:2:    pubby_orc_utopia, serial_shops
Elf:1:    nicolae_elf_arrival_aired_out, layout_loops_cross, serial_shops,
          nicolae_take_the_stairs, hangedman_elf_represent, minmay_shop_grove
Abyss:2:  base: Lair:1, evilmike_abyss_exit_17, minivault_20,
          guppyfry_abyss_exit_imp_island

Skill      XL: |  1  2  3  4  5  6  7  8  9 10 11 12 13 14 15 16 |
---------------+-------------------------------------------------+-----
Stealth        | 2 3 4 5 6 7 9 11 13 14 15 16 | 16.0
Fighting       | 3 4 5 6 8 |  8.0
Short Blades   | 1 2 3 4 |  4.1
Shields        | 2 3 4 |  4.2
Evocations     | 1 2 3 |  3.7
Conjurations   | 2 4 6 7 8 9 10 11 12 | 12.1
Fire Magic     | 1 4 6 7 8 9 10 11 12 | 12.0
Earth Magic    | 2 4 6 7 8 9 10 11 12 | 12.1
Spellcasting   | 2 4 5 6 8 9 10 | 10.7
Necromancy     | 3 5 7 8 9 10 | 10.4
Long Blades    | |  3.0
Summonings     | |  1.0
Invocations    | |  0.9

Action                   |  1- 3 |  4- 6 |  7- 9 | 10-12 | 13-15 | 16-18 || total
-------------------------+-------+-------+-------+-------+-------+-------++-------
Melee: Club              |     4 |       |       |       |       |       ||     4
       Dagger            |    41 |   165 |   321 |     3 |       |       ||   530
       Scimitar          |       |       |    10 |       |       |       ||    10
       Whip              |       |       |    48 |    20 |       |       ||    68
       Flail             |       |       |    57 |       |       |       ||    57
       Staff             |       |       |       |    15 |    26 |     5 ||    46
       Constrict         |       |       |       |       |     6 |     1 ||     7
 Fire: Hunting sling     |     7 |       |       |       |       |       ||     7
Throw: Boomerang         |       |       |     2 |       |       |       ||     2
 Cast: Bolt of Magma     |       |       |     1 |   202 |   531 |   155 ||   889
       Sublimation of Bl |       |       |       |     1 |    16 |     5 ||    22
       Animate Armour    |       |       |       |       |     1 |       ||     1
Invok: Curse Item        |       |       |     4 |     5 |     1 |       ||    10
 Abil: Spit Poison       |    30 |    22 |     7 |     3 |     2 |       ||    64
Evoke: Wand              |       |       |    12 |     4 |     2 |     4 ||    22
  Use: Potion            |       |     1 |       |     4 |       |     2 ||     7
       Scroll            |       |       |     1 |     2 |     8 |     3 ||    14
 Stab: Sleeping          |       |     1 |     8 |       |     1 |       ||    10
       Distracted        |       |       |       |       |     1 |       ||     1
Armor: Robe              |    14 |    22 |    68 |    55 |    79 |    82 ||   320
       Skin              |       |     9 |       |    55 |       |       ||    64
Dodge: Dodged            |    19 |    43 |   139 |    56 |    75 |    49 ||   381
Block: Buckler           |     5 |    26 |    66 |    42 |    37 |    26 ||   202
       Rpst.: Scimitar   |       |       |     1 |       |       |       ||     1
